 Dungeon Sprint DCSS version 0.21-a0-264-g3e31e41 (webtiles) character file.

5056 Kidiri the Eclecticist (level 10, -14/61 HPs)
             Began as a Deep Elf Fire Elementalist on Sept 9, 2017.
             Was the Champion of Vehumet.
             Killed from afar by a killer bee (16 damage)
             ... with an exploding inner flame
             ... hexed by the player character
             ... in the Dungeon (Sprint III: "The Ten Rune Challenge").
             The game lasted 00:09:39 (1640 turns).

Kidiri the Eclecticist (Deep Elf Fire Elementalist) Turns: 1640, Time: 00:09:41

Health: -14/61     AC:  4    Str:  5    XL:     10   Next: 31%
Magic:  26/32      EV: 19    Int: 24    God:    Vehumet [******]
Gold:   27         SH:  0    Dex: 15    Spells: 18/41 levels left

rFire    + . .     SeeInvis .   b - +0 dagger
rCold    . . .     Gourm    .   (no shield)
rNeg     + . .     Faith    .   a - +2 robe {rN+}
rPois    .         Spirit   .   (helmet restricted)
rElec    .         Reflect  .   (no cloak)
rCorr    .         Harm     .   (no gloves)
MR       +....     Clarity  +   (no boots) Stlth ++........NoTele +
                                (no amulet)
HPRegen  0.20/turn              (no ring)
MPRegen  0.23/turn              (no ring)

@: lethally poisoned (-14 -> -16), berserk cooldown, slowed, very slow
A: horns 1, clarity, fire resistance 1, screaming 1
a: Renounce Religion


You were in the Dungeon.
You worshipped Vehumet.
Vehumet was exalted by your worship.
You were not hungry.

You visited 1 branch You collected 27 gold pieces.

Inventory:

Hand Weapons
 b - a +0 dagger (weapon)
Armour
 a - a +2 robe of positive energy (worn)
Wands
 e - a wand of clouds (5/9)
Scrolls
 i - a scroll of blinking
 k - a scroll of holy word
 m - 4 scrolls of remove curse
 p - a scroll of torment
Potions
 f - a potion of haste
 g - a potion of magic
 j - 2 potions of mutation
 o - 4 potions of flight
Comestibles
 c - a bread ration
 n - 5 fruits


   Skills:
 + Level 6.4 Fighting
 + Level 7.7 Short Blades
 + Level 6.4 Armour
 + Level 9.6 Dodging
 - Level 2.4 Stealth
 * Level 16.4 Spellcasting
 + Level 10.4 Conjurations
 + Level 10.8 Fire Magic
 + Level 4.0 Ice Magic
 + Level 2.8 Poison Magic


You had 18 spell levels left.
You knew the following spells:

 Your Spells              Type           Power        Failure   Level  Hunger
a - Flame Tongue          Conj/Fire      #####        1%          1    None
b - Throw Flame           Conj/Fire      ######       1%          2    None
c - Conjure Flame         Conj/Fire      ######..     1%          3    None
d - Inner Flame           Hex/Fire       #####...     1%          3    None
e - Ignite Poison         Fire/Tmut/Pois #####...     1%          3    None
f - Sticky Flame          Conj/Fire      ######..     1%          4    None
g - Fireball              Conj/Fire      ######....   1%          5    #......
h - Throw Frost           Conj/Ice       ######       1%          2    None


Dungeon Overview and Level Annotations

Branches:
Dungeon (1/1)

Altars:
Cheibriados
Dithmenos
Elyvilon
Fedhas
Gozag
Hepliaklqana
Kikubaaqudgha
Makhleb
Nemelex Xobeh
Okawaru
Qazlal
Ru
Sif Muna
Trog
Uskayaw
Vehumet
Wu Jian
Xom
Yredelemnul
Zin
The Shining One
Beogh
Jiyva
Lugonu

Annotations:
D exclusion: door


Innate Abilities, Weirdness & Mutations

You have a pair of small horns on your head.
You possess an exceptional clarity of mind.
Your flesh is heat resistant. (rF+)
You occasionally shout uncontrollably at your foes.


Message History

The killer bee barely misses you. The killer bee stings you.
* * * LOW HITPOINT WARNING * * *
The killer bee stings you.
* * * LOW HITPOINT WARNING * * *
You are lethally poisoned!
The killer bee poisons you!
Unknown command.
Casting: Sticky Flame
Confirm with . or Enter, or press ? or * to list all spells.
Aiming: Sticky Flame
Press: ? - help, Shift-Dir - straight line, f - killer bee
Aim: a killer bee (heavily wounded, inner flame)
The sticky flame hits the killer bee.
The killer bee is almost dead.
The killer bee is covered in liquid flames!
* * * LOW HITPOINT WARNING * * *
You feel sick.
The killer bee burns!
The killer bee explodes!
The fiery explosion engulfs you! You resist.
You die...

#___#__# #__)#._# #+###+##
..)....# .......# ######'#
#__#...#+########################
#__#...#.§§§§'.#§§...'.#.#.#.yyy%
#__#...#§#≈§§#.#@#...##.#.#.##%.%
#__#...'.#§§§#.#.#...#.#.#y#.#%y%
#__+...#.#.§.#...#)..##.#.#.##%y†
▓▓▓▓▓▓▓▓▓▓▓▓▓▓▓▓▓▓▓▓▓#.#.#.#.#yy.
##.#.#.##.%% +.#.#.#.#%.%
##.#.#.##### #+#####


There were no monsters in sight!

Vanquished Creatures
  Erica (D)
  A centaur warrior (D)
  2 unseen horrors (D)
  A deep elf mage (D)
  A queen bee (D)
  A shadow (D)
  A spatial vortex (D)
  A necrophage (D)
  2 centaurs (D)
  A water elemental (D)
  26 killer bees (D)
  A jelly (D)
  Jessica (D)
  A wizard (D)
  A necromancer (D)
  A kobold demonologist (D)
  3 humans (D)
  2 oozes (D)
  A phantom (D)
  A rat (D)
50 creatures vanquished.

Vanquished Creatures (others)
  2 draconian scorchers (D)
  2 yaktaurs (D)
  6 hellions (D)
  A plant (D)
11 creatures vanquished.

Grand Total: 61 creatures vanquished

Notes
Turn   | Place    | Note
-------+----------+-------------------------------------------
     0 | D        | Kidiri the Deep Elf Fire Elementalist began the quest for the Orb.
     0 | D        | Reached XP level 1. HP: 10/10 MP: 6/6
     4 | D        | Reached skill level 4 in Spellcasting
    44 | D        | Reached XP level 2. HP: 15/15 MP: 5/9
    48 | D        | Learned a level 2 spell: Throw Flame
    83 | D        | Noticed Jessica
    85 | D        | Killed Jessica
    85 | D        | Reached skill level 6 in Spellcasting
    85 | D        | Reached XP level 3. HP: 19/19 MP: 8/13
    93 | D        | Learned a level 3 spell: Conjure Flame
    97 | D        | Learned a level 3 spell: Inner Flame
   113 | D        | Killed a hellion
   115 | D        | Killed a hellion
   118 | D        | Killed a hellion
   119 | D        | Killed a hellion
   120 | D        | Killed a hellion
   121 | D        | Killed a hellion
   145 | D        | Killed a white draconian scorcher
   175 | D        | Gained mutation: You are covered in fur. (AC +1) [potion of mutation]
   175 | D        | Gained mutation: You are robust. (+10% HP) [potion of mutation]
   175 | D        | Gained mutation: You are partially covered in molten scales. (AC +2) [potion of mutation]
   176 | D        | Lost mutation: You are robust. (+10% HP) [potion of mutation]
   176 | D        | Lost mutation: You are covered in fur. (AC +1) [potion of mutation]
   176 | D        | Lost mutation: You are partially covered in molten scales. (AC +2) [potion of mutation]
   176 | D        | Gained mutation: You occasionally shout uncontrollably at your foes. [potion of mutation]
   176 | D        | Gained mutation: You have a pair of small horns on your head. [potion of mutation]
   176 | D        | Gained mutation: You possess an exceptional clarity of mind. [potion of mutation]
   176 | D        | Gained mutation: Your flesh is heat resistant. (rF+) [potion of mutation]
   191 | D        | Reached skill level 7 in Spellcasting
   191 | D        | Reached skill level 5 in Fire Magic
   192 | D        | Killed a white draconian scorcher
   199 | D        | Killed a yaktaur
   232 | D        | Noticed a water elemental
   235 | D        | Killed a water elemental
   235 | D        | Reached skill level 9 in Spellcasting
   235 | D        | Reached skill level 5 in Conjurations
   235 | D        | Reached XP level 4. HP: 24/24 MP: 9/17
   242 | D        | Learned a level 4 spell: Sticky Flame
   285 | D        | Found a radiant altar of Vehumet.
   286 | D        | Found a deep blue altar of Sif Muna.
   286 | D        | Found an ancient bone altar of Kikubaaqudgha.
   286 | D        | Noticed a wizard
   288 | D        | Killed a wizard
   288 | D        | Reached XP level 5. HP: 28/28 MP: 13/19
   290 | D        | Reached skill level 10 in Spellcasting
   305 | D        | Learned a level 5 spell: Fireball
   310 | D        | Became a worshipper of Vehumet
   375 | D        | Found a glowing silver altar of Zin.
   376 | D        | Found a glowing golden altar of the Shining One.
   376 | D        | Found a white marble altar of Elyvilon.
   376 | D        | Noticed a deep elf mage
   386 | D        | Killed a deep elf mage
   386 | D        | Reached skill level 5 in Dodging
   386 | D        | Reached skill level 12 in Spellcasting
   386 | D        | Reached XP level 6. HP: 18/36 MP: 12/23
   386 | D        | Reached XP level 7. HP: 20/40 MP: 12/24
   541 | D        | Found an ornate altar of the Wu Jian Council.
   541 | D        | Found a roughly hewn altar of Beogh.
   541 | D        | Found an iron altar of Okawaru.
   541 | D        | Found a bloodstained altar of Trog.
   541 | D        | Found a hide-covered altar of Uskayaw.
   541 | D        | Noticed a human
   541 | D        | Noticed a human
   546 | D        | Killed a human
   549 | D        | Killed a human
   549 | D        | Reached * piety under Vehumet
   549 | D        | Offered knowledge of Sandblast by Vehumet.
   653 | D        | Found a basalt altar of Yredelemnul.
   653 | D        | Found a shadowy altar of Dithmenos.
   653 | D        | Found a sacrificial altar of Ru.
   660 | D        | Reached skill level 13 in Spellcasting
   717 | D        | Noticed a shadow
   719 | D        | Killed a shadow
   719 | D        | Reached ** piety under Vehumet
   719 | D        | Offered knowledge of Magic Dart by Vehumet.
   719 | D        | Reached XP level 8. HP: 48/48 MP: 20/27
   721 | D        | Reached skill level 5 in Short Blades
   769 | D        | Found a blossoming altar of Fedhas.
   769 | D        | Found a stormy altar of Qazlal.
   770 | D        | Found a snail-covered altar of Cheibriados.
   770 | D        | Found a burning altar of Makhleb.
   770 | D        | Found a hazy altar of Hepliaklqana.
   770 | D        | Found a shimmering altar of Xom.
   770 | D        | Found an opulent altar of Gozag.
   770 | D        | Found a sparkling altar of Nemelex Xobeh.
   770 | D        | Found a corrupted altar of Lugonu.
   770 | D        | Found a viscous altar of Jiyva.
   833 | D        | Noticed Erica
   839 | D        | Killed Erica
   839 | D        | Reached skill level 14 in Spellcasting
  1020 | D        | Noticed a centaur warrior
  1021 | D        | Offered knowledge of Throw Frost by Vehumet.
  1021 | D        | Reached *** piety under Vehumet
  1021 | D        | Reached skill level 5 in Fighting
  1021 | D        | Reached skill level 5 in Armour
  1021 | D        | Reached XP level 9. HP: 54/54 MP: 25/29
  1026 | D        | Killed a centaur warrior
  1026 | D        | Reached skill level 15 in Spellcasting
  1059 | D        | Killed a yaktaur
  1301 | D        | Learned a level 2 spell: Throw Frost
  1308 | D        | Noticed an unseen horror
  1324 | D        | Noticed an unseen horror
  1329 | D        | Killed an unseen horror
  1329 | D        | Offered knowledge of Ignite Poison by Vehumet.
  1329 | D        | Reached skill level 10 in Fire Magic
  1329 | D        | Reached skill level 1 in Ice Magic
  1334 | D        | Learned a level 3 spell: Ignite Poison
  1567 | D        | Killed an unseen horror
  1567 | D        | Reached **** piety under Vehumet
  1586 | D        | Offered knowledge of Venom Bolt by Vehumet.
  1587 | D        | Noticed a queen bee
  1592 | D        | Reached skill level 10 in Conjurations
  1592 | D        | Reached XP level 10. HP: 54/60 MP: 16/31
  1592 | D        | Reached skill level 16 in Spellcasting
  1600 | D        | Reached ***** piety under Vehumet
  1600 | D        | Reached skill level 1 in Poison Magic
  1608 | D        | Reached ****** piety under Vehumet
  1639 | D        | HP: 3/61 [killer bee (2)]
  1640 | D        | Killed from afar by a killer bee

Vault maps used:
D:        dungeon_sprint_mu

Skill      XL: |  1  2  3  4  5  6  7  8  9 10 |
---------------+-------------------------------+-----
Spellcasting   | 4 6 9 12 13 14 15 16 | 16.4
Conjurations   | 2 3 5 7 8 10 | 10.4
Fire Magic     | 4 6 7 8 9 10 | 10.8
Fighting       | 2 4 5 6 |  6.4
Short Blades   | 3 4 6 7 |  7.7
Armour         | 2 4 5 6 |  6.4
Dodging        | 5 6 7 9 |  9.6
Ice Magic      | 2 4 |  4.0
Poison Magic   | 2 |  2.8
Stealth        | |  2.4

Action                   |  1- 3 |  4- 6 |  7- 9 | 10-12 || total
-------------------------+-------+-------+-------+-------++-------
Melee: Dagger            |       |       |     4 |     1 ||     5
 Cast: Flame Tongue      |    17 |     7 |    31 |    16 ||    71
       Throw Flame       |     3 |       |       |       ||     3
       Conjure Flame     |     1 |       |     2 |       ||     3
       Sticky Flame      |       |     3 |    11 |     4 ||    18
       Inner Flame       |       |       |     3 |     5 ||     8
       Fireball          |       |       |     6 |       ||     6
       Ignite Poison     |       |       |     1 |       ||     1
  Use: Potion            |     2 |     1 |       |     3 ||     6
       Scroll            |       |       |     3 |       ||     3
  Eat: Chunk             |       |       |     2 |       ||     2
       Royal jelly       |       |       |     1 |       ||     1
Armor: Robe              |     1 |       |     3 |     2 ||     6
Dodge: Dodged            |     1 |     1 |    25 |    33 ||    60

Table legend:
 A = Spawn XP
 B = Non-spawn XP
 C = Spawn XP percentage of total XP
 D = Spawn monster count
 E = Non-spawn monster count
 F = Spawn count percentage of total count
 G = Total turns spent on level
                    A         B        C        D         E        F      G
               +---------+---------+-------+---------+---------+-------+---------
         Total |       0 |    7223 |   0.0 |       0 |      50 |   0.0 |  1640
               +---------+---------+-------+---------+---------+-------+---------
             D |       0 |    7223 |   0.0 |       0 |      50 |   0.0 |  1640
               +---------+---------+-------+---------+---------+-------+---------
